[Event "Team 45 45 League T45"]
[Site "Internet Chess Club"]
[Date "2010.06.06"]
[Round "5"]
[White "Eyechess"]
[Black "chickenhead"]
[Result "1/2-1/2"]
[WhiteElo "1731"]
[BlackElo "1893"]
[Opening "Queen's gambit declined"]
[ECO "D30"]
[Time "15:30:14"]
[TimeControl "2700+45"]

1. d4 e6 2. c4 d5 3. Nf3 Nf6 4. g3 c6 5. Bg2 Nbd7 6. cxd5 exd5 7. O-O Bd6 8. Nc3
O-O 9. Qc2 Re8 10. Bg5 h6 11. Bxf6 Nxf6 12. e3 Bg4 13. Rac1 Rc8 14. h3 Be6 15.
a3 Qd7 16. Ne5 Bxe5 17. dxe5 Bf5 18. Qa4 Rxe5 19. g4 Bg6 20. Qxa7 h5 21. f4 Re7
22. f5 Bh7 23. g5 Ne8 24. e4 dxe4 25. Rcd1 Qc7 26. Nxe4 {Game drawn by mutual
agreement} 1/2-1/2

[Event "Team 45 45 League T45"]
[Site "Internet Chess Club"]
[Date "2010.06.07"]
[Round "5"]
[White "kidviper"]
[Black "b-spot"]
[Result "1-0"]
[WhiteElo "1867"]
[BlackElo "1729"]
[Opening "Ruy Lopez: closed, Chigorin defense"]
[ECO "C97"]
[Time "18:00:06"]
[TimeControl "2700+45"]

1. e4 e5 2. Nf3 Nc6 3. Bb5 a6 4. Ba4 Nf6 5. O-O Be7 6. Re1 b5 7. Bb3 d6 8. c3
O-O 9. h3 Na5 10. Bc2 c5 11. d4 Qc7 12. Nbd2 Be6 13. d5 Bd7 14. Nf1 c4 15. Ng3
Nb7 16. Bg5 a5 17. Qd2 Nc5 18. Nh2 Qd8 19. f4 h6 20. Bxf6 Bxf6 21. Nf3 Nd3 22.
Bxd3 cxd3 23. f5 b4 24. c4 Bh4 25. Nxh4 Qxh4 26. Qxd3 Rac8 27. b3 g6 28. Rf1
gxf5 29. Nxf5 Bxf5 30. Rxf5 Kh7 31. Raf1 Rc7 32. Qf3 Qd8 33. Rf6 Rd7 34. Qh5
Qb6+ 35. Kh1 Qe3 36. Qf5+ {Black resigns} 1-0

[Event "Team 45 45 League T45"]
[Site "Internet Chess Club"]
[Date "2010.06.06"]
[Round "5"]
[White "BrerRabbit"]
[Black "kidcobra"]
[Result "1/2-1/2"]
[WhiteElo "1497"]
[BlackElo "1524"]
[Opening "QGD: Tarrasch, Réti variation"]
[ECO "A30"]
[Time "15:00:52"]
[TimeControl "2700+45"]

1. c4 c5 2. g3 Nc6 3. Bg2 e6 4. Nf3 Nf6 5. O-O Be7 6. Nc3 O-O 7. d4 d5 8. cxd5
exd5 9. dxc5 Bxc5 10. Na4 Bb6 11. b3 Ba5 12. Bb2 b5 13. Nc5 Bb6 14. Rc1 Nd7 15.
Nxd7 Qxd7 16. Ne5 Nxe5 17. Bxe5 Bb7 18. Bd4 Rfe8 19. e3 Bc6 20. b4 Bb7 21. Qd3
Rac8 22. Qd2 Rc4 23. Bxb6 axb6 24. Rfd1 Rec8 25. Bf1 R4c7 26. Rxc7 Rxc7 27. Bg2
Rc8 28. Qd3 Rd8 29. Rc1 Bc6 30. Qd4 Qb7 31. Kf1 Rb8 32. Rd1 Rd8 33. Kg1 Qa7 34.
Qb2 Qb7 35. Rd4 Qd7 36. Kf1 Bb7 37. Qd2 f5 38. Kg1 g6 39. Qd3 Kg7 40. Bf1 Bc6
41. Qc3 Kg8 42. Qd3 Ra8 43. Qc2 Rc8 44. Qb2 Ra8 45. Be2 Rc8 46. Bf3 Rd8 47. Kg2
Qd6 48. a3 Qd7 49. Be2 Qd6 50. Kg1 Qd7 {Game drawn by mutual agreement} 1/2-1/2

[Event "Team 45 45 League T45"]
[Site "Internet Chess Club"]
[Date "2010.06.07"]
[Round "5"]
[White "Chatica"]
[Black "bgolev"]
[Result "1-0"]
[WhiteElo "2053"]
[BlackElo "1827"]
[Opening "Danish gambit"]
[ECO "C21"]
[Time "22:08:15"]
[TimeControl "2700+45"]

1. e4 e5 2. d4 exd4 3. c3 dxc3 4. Nxc3 Bb4 5. Nf3 Qe7 6. Bd3 d6 7. O-O Bxc3 8.
bxc3 Bg4 9. Qb3 c6 10. e5 Bxf3 11. exd6 Bd5 12. c4 Qd7 13. cxd5 Nf6 14. Re1+ Kf8
15. Re7 Qxd6 16. Ba3 c5 17. Bxc5 Qxc5 18. d6 Nd5 19. Qxb7 Qc6 20. Rxf7+ Ke8 21.
Bb5 {Black resigns} 1-0

[Event "Team 45 45 League T45"]
[Site "Internet Chess Club"]
[Date "2010.06.06"]
[Round "5"]
[White "Beetlejuice"]
[Black "Matusalen"]
[Result "0-1"]
[WhiteElo "1796"]
[BlackElo "2039"]
[Opening "Colle system"]
[ECO "D05"]
[Time "15:01:53"]
[TimeControl "2700+45"]

1. d4 d5 2. Nf3 Nf6 3. e3 e6 4. Bd3 c5 5. c3 Nc6 6. Nbd2 Bd6 7. O-O O-O 8. Re1
e5 9. dxe5 Nxe5 10. Nxe5 Bxe5 11. h3 h6 12. c4 Bc7 13. b3 dxc4 14. Nxc4 b5 15.
Nb2 Qd6 16. Qf3 Qh2+ 17. Kf1 Rb8 18. a4 a6 19. axb5 axb5 20. Ra7 Be6 21. Bc2 c4
22. bxc4 bxc4 23. e4 Be5 24. Ra4 Rxb2 25. Bxb2 Bxb2 26. Ra7 Rd8 27. Rd1 Rxd1+
28. Bxd1 Qe5 29. Bc2 Bd4 30. Ra8+ Kh7 31. Qe2 Qh2 32. Qf3 Be5 33. Rd8 Qh1+ 34.
Ke2 Qc1 35. Bd1 Qb1 36. Ke3 c3 {White resigns} 0-1

[Event "Team 45 45 League T45"]
[Site "Internet Chess Club"]
[Date "2010.06.05"]
[Round "5"]
[White "Troparion"]
[Black "room-matt"]
[Result "1-0"]
[WhiteElo "1790"]
[BlackElo "1690"]
[Opening "Queen's pawn game"]
[ECO "A46"]
[Time "14:00:24"]
[TimeControl "2700+45"]

1. d4 Nf6 2. Nf3 e6 3. Bf4 Be7 4. e3 O-O 5. Nbd2 b6 6. c3 Nh5 7. Bg3 Nxg3 8.
hxg3 Bb7 9. Bd3 f5 10. Qe2 Bf6 11. O-O-O g6 12. e4 fxe4 13. Nxe4 Bg7 14. Rh3 Nc6
15. Rdh1 h6 16. Qd2 Qe7 17. Rxh6 Bxh6 18. Rxh6 Qg7 19. Nh4 Ne7 20. Qg5 Bxe4 21.
Bxe4 Rae8 22. Nxg6 Nf5 23. Rh8+ Qxh8 24. Nxh8+ Kxh8 25. g4 Re7 26. gxf5 Rg7 27.
Qh6+ Kg8 28. fxe6 Rxf2 29. e7 Rf1+ 30. Kc2 {Black resigns} 1-0

[Event "Team 45 45 League T45"]
[Site "Internet Chess Club"]
[Date "2010.06.08"]
[Round "5"]
[White "eurander"]
[Black "f5"]
[Result "1-0"]
[WhiteElo "2245"]
[BlackElo "2089"]
[Opening "Ruy Lopez: Wormald (Alapin) attack"]
[ECO "C77"]
[Time "01:06:19"]
[TimeControl "2700+45"]

1. e4 e5 2. Nf3 Nc6 3. Bb5 a6 4. Ba4 Nf6 5. Qe2 b5 6. Bb3 Be7 7. c3 O-O 8. O-O
d6 9. Rd1 Na5 10. Bc2 c5 11. d4 Qc7 12. d5 c4 13. b4 cxb3 14. axb3 Nb7 15. b4
Bd7 16. Bd3 Rfb8 17. Bd2 Be8 18. Rc1 a5 19. Na3 axb4 20. cxb4 Qb6 21. Nxb5 Bxb5
22. Bxb5 Nxe4 23. Rxa8 Rxa8 24. Rc6 Ra1+ 25. Be1 Rxe1+ 26. Nxe1 Qd4 27. Rc4 Nc3
28. Rc8+ Bf8 29. Qd3 Qxb4 30. Rxc3 Nc5 31. Qc4 {Black resigns} 1-0

[Event "Team 45 45 League T45"]
[Site "Internet Chess Club"]
[Date "2010.06.05"]
[Round "5"]
[White "chsrules88"]
[Black "pestka"]
[Result "1/2-1/2"]
[WhiteElo "2003"]
[BlackElo "2206"]
[Opening "Sicilian"]
[ECO "B50"]
[Time "23:38:39"]
[TimeControl "2700+45"]

1. e4 c5 2. Nf3 d6 3. Bd3 Nf6 4. O-O Nc6 5. c3 g6 6. Re1 Bg7 7. h3 O-O 8. Bc2 e5
9. d4 cxd4 10. cxd4 exd4 11. Nxd4 Nxd4 12. Qxd4 Re8 13. Qd1 d5 14. Bg5 h6 15.
Bxf6 Bxf6 16. Nc3 dxe4 17. Qxd8 Rxd8 18. Bxe4 Kg7 19. Rad1 Be6 20. Nd5 Rab8 21.
Nxf6 Kxf6 22. a3 b6 23. f4 Rxd1 24. Rxd1 Rc8 25. Kf2 Rc5 26. Ke3 {Game drawn by
mutual agreement} 1/2-1/2

[Event "Team 45 45 League T45"]
[Site "Internet Chess Club"]
[Date "2010.06.04"]
[Round "5"]
[White "Duguesclin"]
[Black "charles-allen"]
[Result "0-1"]
[WhiteElo "1651"]
[BlackElo "1883"]
[Opening "Petrov: modern attack, Symmetrical variation"]
[ECO "C43"]
[Time "13:30:28"]
[TimeControl "2700+45"]

1. e4 e5 2. Nf3 Nf6 3. d4 Nxe4 4. Bd3 d5 5. Nxe5 Nd7 6. Nxf7 Qe7 7. Ne5 Nxe5 8.
dxe5 Qxe5 9. O-O Bd6 10. g3 O-O 11. Bxe4 Qxe4 12. Nc3 Qf5 13. Nxd5 Be6 14. Ne3
Qe4 15. Re1 Bc5 16. Qh5 Bb6 17. Bd2 Rad8 18. Bc3 Bd5 19. Qxd5+ Rxd5 20. Nxd5
Bxf2+ 21. Kf1 Bxe1+ {White resigns} 0-1